 Dungeon Crawl Stone Soup version 0.17.1-1-g73c8601 (webtiles) character file.

232 HughJohnson the Vexing (level 5, -1/37 HPs)
             Began as a Vampire Enchanter on Dec 18, 2015.
             Slain by a worker ant (6 damage)
             ... on level 4 of the Dungeon.
             The game lasted 00:14:46 (2514 turns).

HughJohnson the Vexing (Vampire Enchanter)          Turns: 2514, Time: 00:14:46

Health: -1/37      AC:  2    Str:  8    XL:     5   Next: 73%
Magic:  6/8        EV: 12    Int: 17    God:
Gold:   162        SH:  4    Dex: 15    Spells: 3 memorised, 2 levels left

rFire  . . .     SeeInvis +     a - +1 dagger
rCold  . . .     Clarity  .     b - +1 robe
rNeg   . . .     SustAt   .     o - +0 buckler
rPois  .         Gourm    .     (no helmet)
rElec  .         Spirit   .     (no cloak)
rCorr  .         Warding  .     B - +0 pair of gloves
rMut   .         Stasis   .     (no boots)
MR     .....                    (no amulet)
Stlth  +++.......               (no ring)
                                x - -2 ring of protection (curse)

@: lethally poisoned (-1 -> -4), regenerating quickly, not resistant to hostile
enchantments, fairly stealthy
A: fangs 3, see invisible, unbreathing
a: no special abilities


You were on level 4 of the Dungeon.
You were very full.

You visited 1 branch of the dungeon, and saw 4 of its levels.

You collected 162 gold pieces.

Inventory:

Hand Weapons
 a - a +1 dagger (weapon)
Missiles
 f - 3 javelins (quivered)
 w - 2 curare-tipped needles
 y - 17 poisoned needles
Armour
 b - a +1 robe (worn)
 o - a +0 buckler (worn)
 B - a +0 pair of gloves (worn)
Jewellery
 x - a cursed -2 ring of protection (left hand)
Scrolls
 e - 5 scrolls of identify {unknown}
 i - a scroll of fear {unknown}
 j - a scroll of magic mapping {unknown}
 k - 2 scrolls of noise
 l - a scroll of enchant weapon {unknown}
 m - a scroll of teleportation {unknown}
 n - a scroll of random uselessness {unknown}
 p - 4 scrolls of remove curse
 q - a scroll of fog {unknown}
 s - a scroll of immolation {unknown}
Potions
 d - 12 potions of blood
 g - a potion of heal wounds {unknown}
 h - a potion of degeneration {unknown}
 r - 2 potions of agility {unknown}
 t - 2 potions of haste {unknown}
 u - a potion of brilliance {unknown}
 v - a potion of lignification {unknown}
 z - a potion of ambrosia {unknown}
 A - a potion of poison {unknown}
Books
 c - a book of Maledictions

   Spells                             Type                      Level
   a - Corona                         Hexes                        1
   b - Ensorcelled Hibernation        Hexes/Ice                    2
   c - Confuse                        Hexes                        3
   d - Tukima's Dance                 Hexes                        3
   e - Dazzling Spray                 Conjuration/Hexes            3


   Skills:
 + Level 1.5 Fighting
 * Level 4.3 Short Blades
 - Level 1.0 Throwing
 - Level 1.0 Armour
 - Level 2.1 Dodging
 + Level 4.7 Stealth
 * Level 1.4 Shields
 - Level 2.0 Spellcasting
 + Level 5.0 Hexes


You had 2 spell levels left.
You knew the following spells:

 Your Spells              Type           Power        Failure   Level  Hunger
a - Corona                Hex            ###....      3%          1    #......
b - Ensorcelled Hibernat  Hex/Ice        ##....       14%         2    ###....
c - Confuse               Hex            ###.....     12%         3    ###....


Dungeon Overview and Level Annotations

Branches:
Dungeon (4/15)
 Temple: D:4-7

Altars:

Annotations:
D:3 niltaff's ghost, weakling DgCj


Innate Abilities, Weirdness & Mutations

Your natural rate of healing is unusually fast.
You have razor-sharp teeth.
You have supernaturally acute eyesight.
You can survive without breathing.


Message History

You feel sick.
You feel sick.
You feel sick. You block the worker ant's attack.
You feel sick.
You feel sick. The worker ant barely misses you.
Casting: Ensorcelled Hibernation
Confirm with . or Enter, or press ? or * to list all spells.
Aiming: Ensorcelled Hibernation
Press: ? - help, Shift-Dir - straight line, f - worker ant, p - ogre
Aim: a worker ant (chance to defeat MR: 50%)
The worker ant resists with some effort.
You feel sick. The worker ant bites you.
* * * LOW HITPOINT WARNING * * *
You are more poisoned.
The worker ant poisons you!
You feel sick.
You feel sick.
You feel sick. The worker ant bites you.
You die...

#.# #.# #.# #.# #.#
#.# #.# #..
#.###### ##.......
###########....####
#..a.O.............
##@########....####
#.# ##....# # #.#
#.....#### #.#
#......... #.#
#........( #.#
#......... #.#
#...##.... #.#
#...##....
#...##....


You could see an ogre and a worker ant.

Vanquished Creatures
  An ogre (D:4)
  2 worker ants (D:4)
  5 adders
  An ooze (D:4)
  An adder skeleton (D:3)
  A worm (D:3)
  2 giant geckos (D:2)
  An orc (D:3)
  3 giant cockroaches
  10 hobgoblins
  4 quokkas
  6 bats
  5 giant newts
  7 goblins
  7 kobolds
  5 rats
61 creatures vanquished.

Notes
Turn   | Place    | Note
--------------------------------------------------------------
     0 | D:1      | HughJohnson the Vampire Enchanter began the quest for the Orb.
     0 | D:1      | Reached XP level 1. HP: 13/13 MP: 3/3
   287 | D:1      | Reached skill level 1 in Fighting
   306 | D:1      | Reached XP level 2. HP: 8/21 MP: 5/5
   992 | D:2      | Reached XP level 3. HP: 26/26 MP: 6/6
  1394 | D:3      | Noticed niltaff's ghost (weakling DgCj)
  1705 | D:3      | Reached XP level 4. HP: 30/32 MP: 7/7
  1968 | D:3      | Learned a level 2 spell: Ensorcelled Hibernation
  1972 | D:3      | Learned a level 3 spell: Confuse
  2273 | D:4      | Reached skill level 1 in Throwing
  2273 | D:4      | Reached skill level 1 in Armour
  2327 | D:4      | Noticed an ogre
  2331 | D:4      | Killed an ogre
  2331 | D:4      | Reached skill level 1 in Shields
  2331 | D:4      | Reached XP level 5. HP: 37/37 MP: 5/8
  2339 | D:4      | Reached skill level 5 in Hexes
  2478 | D:4      | Noticed an ogre
  2514 | D:4      | Slain by a worker ant

Action                   |  1- 3 |  4- 6 || total
-------------------------+-------+-------++-------
Melee: Dagger            |   154 |    84 ||   238
Throw: Javelin           |     1 |     4 ||     5
 Cast: Ensorcelled Hiber |       |     3 ||     3
       Corona            |       |     1 ||     1
  Use: Potion            |     4 |     1 ||     5
       Scroll            |       |     2 ||     2
 Stab: Sleeping          |    12 |     5 ||    17
       Distracted        |     1 |       ||     1
  Eat: Corpse            |     6 |     2 ||     8
